 Dungeon Crawl Stone Soup version 0.29-a0-553-g81b289dbe5 (webtiles) character file.

Game seed: 11973630722915861562

4746 grumblor the Chopper (level 10, -10/53 HPs)
             Began as a Vine Stalker Fighter on June 6, 2022.
             Was an Initiate of Ru.
             Engulfed by a steam dragon's steam (11 damage)
             ... on level 8 of the Dungeon.
             The game lasted 00:15:53 (5494 turns).

grumblor the Chopper (Vine Stalker Fighter)         Turns: 5494, Time: 00:15:54

Health: -10/53     AC: 19    Str: 28    XL:     10   Next: 46%
Magic:  0/11       EV:  8    Int:  8    God:    Ru [......]
Gold:   516        SH: 11    Dex: 15    Spells: 9/9 levels left

rFire   . . .      SeeInvis .   a - +0 war axe (vorpal)
rCold   . . .      Faith    .   c - +1 buckler
rNeg    . . .      Spirit   +   q - +0 plate armour
rPois   .          Reflect  +   f - +0 helmet
rElec   .          Harm     .   w - +2 cloak
rCorr   .          Rampage  .   t - +0 pair of gloves
Will    +....                   r - +0 pair of boots
Stlth   ..........              b - amulet of reflection
HPRegen 0.97/turn               B - +6 ring of strength
MPRegen 0.12/turn               e - +4 ring of slaying

@: about to teleport, slowed, very slow
A: fangs 3, regeneration 1, magic shield, antimagic bite, no potion heal 2,
disrupted magic 1
a: Renounce Religion


You were on level 8 of the Dungeon.
You worshipped Ru.
Ru was noncommittal.
You visited 2 branches of the dungeon, and saw 9 of its levels.

You collected 516 gold pieces.

Inventory:

Hand Weapons
 a - a +0 vorpal war axe (weapon)
Armour
 c - a +1 buckler (worn)
 f - a +0 helmet (worn)
 q - a +0 plate armour (worn)
 r - a +0 pair of boots (worn)
 t - a +0 pair of gloves (worn)
 w - a +2 cloak (worn)
Jewellery
 b - an amulet of reflection (around neck)
 e - a +4 ring of slaying (right hand)
 B - a +6 ring of strength (left hand)
Wands
 j - a wand of flame (27)
 v - a wand of digging (6)
 C - a wand of iceblast (11)
Scrolls
 g - 2 scrolls of fear
 o - 2 scrolls of enchant armour
 s - a scroll of amnesia
 A - a scroll of magic mapping
Potions
 d - 3 potions of might
 h - 2 potions of resistance
 i - a potion of experience {unknown}
 k - 2 potions of berserk rage {unknown}
 l - a potion of flight {unknown}
 n - 5 potions of curing {unknown}
 p - 2 potions of mutation {unknown}
 u - 2 potions of magic {unknown}
 x - 2 potions of brilliance {unknown}


   Skills:
 * Level 6.9 Fighting
 + Level 7.5 Axes
 - Level 2.0 Throwing
 + Level 5.1 Armour
 - Level 4.0 Dodging
 + Level 5.1 Shields
 * Level 5.0 Evocations


You had 9 spell levels left.
You didn't know any spells.
Your spell library contained the following spells:

 Spells                   Type           Power      Damage    Failure   Level
 Foxfire                  Conj/Fire      0%         2x1d4     100%        1
 Necrotize                Necr           0%         1d4       100%        1
 Slow                     Hex            0%         N/A       100%        1
 Blink                    Tloc           0%         N/A       100%        2
 Confusing Touch          Hex            0%         N/A       100%        3
 Conjure Flame            Conj/Fire      0%         6-21      100%        3
 Inner Flame              Hex/Fire       0%         N/A       100%        3
 Lesser Beckoning         Tloc           0%         N/A       100%        3
 Vampiric Draining        Necr           0%         2d6       100%        3
 Flame Wave               Conj/Fire      0%         2d4       100%        4
 Agony                    Necr           0%         N/A       100%        5
 Manifold Assault         Tloc           0%         N/A       100%        5


Dungeon Overview and Level Annotations

Branches:
Dungeon (8/15)             Temple (1/1) D:5
   Lair: D:8-11

Altars:
Ashenzari
Dithmenos
Elyvilon
Okawaru
Qazlal
Ru
Sif Muna
Uskayaw
Vehumet
Wu Jian
Yredelemnul
The Shining One


Innate Abilities, Weirdness & Mutations

You have razor-sharp teeth.
Your natural rate of healing is unusually fast.
When hurt, damage is shared between your health and your magic reserves.
Your bite disrupts and absorbs the magic of your enemies.
Potions cannot restore your health.
Your casting is slightly disrupted.


Message History

The steam dragon is moderately wounded.
You feel sick.
Your Shields skill increases to level 5!
Unknown command.
Throw: dart (curare)
Press: ? - help, Q - select action, (/) - cycle Shift-Dir - straight line, f - steam dragon
Aim: a steam dragon (moderately wounded, 67% to hit)
You throw a curare-tipped dart.
The curare-tipped dart closely misses the steam dragon.
You feel sick.
A steam dragon comes into view.
Aiming: Iceblast
Press: ? - help, Shift-Dir - straight line, f/p - steam dragon
Aim: a steam dragon (moderately wounded)
The mass of ice explodes!
The iceblast engulfs the steam dragon!!
You kill the steam dragon!
The steam dragon scales are intact enough to wear.
You feel sick.
You hear an angry buzzing noise.
A hornet comes into view.
Your Evocations skill increases to level 5!
Unknown command.
As you read the scroll of teleportation, it crumbles to dust.
You feel strangely unstable.
You feel sick.
You feel sick. The hornet stings you.
* * * LOW HITPOINT WARNING * * *
You feel yourself slow down. The hornet attacks as you move away!
You block the hornet's attack.
You feel yourself speed up.
You feel sick.
You are no longer poisoned.
The steam dragon breathes steam at you. The ball of steam misses you.
The hornet stings you!
* * * LOW HITPOINT WARNING * * *
You feel yourself slow down.
Okay, then.
Okay, then.
The hornet attacks as you move away! You block the hornet's attack.
You are engulfed in a cloud of scalding steam.
You die...

...# #..............###
#..# .).......#.#.#...#
...####.................#
..###.#.........#.#(#..
...)).)...........(... ..
#..)................# ...
#.#..........# #.)..#....
.............# #..§D.....
.............###@§§#.....
...#..........##§§§#....#
...#............y....# #
#...........>........#
#..................#.....
..##..............##.####
#.##..................
.............<......#..
#......##...........#


You could see a hornet and a steam dragon (catching breath).

Vanquished Creatures
  2 two-headed ogres
  Erica (D:8)
  A troll (D:8)
  A wyvern (D:8)
  2 steam dragons (D:8)
  Duvessa (D:5)
  2 black bears (D:4)
  A sky beast (D:7)
  3 ogres
  2 centaurs
  A kobold brigand (D:8)
  3 bullfrogs
  3 necrophages
  2 scorpions
  Dowan (D:5)
  4 wights (D:8)
  3 howler monkeys
  A crimson imp (D:6)
  3 hounds
  7 jellies
  5 iguanas
  An orc wizard (D:8)
  6 adders
  A shadow imp (D:8)
  2 white imps
  2 worms
  7 dart slugs
  10 orcs
  3 endoplasms
  4 giant cockroaches
  7 goblins
  9 hobgoblins
  2 jackals (D:2)
  4 quokkas
  5 ball pythons
  5 bats
  6 frilled lizards
  5 kobolds
  7 rats (D:1)
135 creatures vanquished.

Notes
Turn   | Place    | Note
-------+----------+-------------------------------------------
     0 | D:1      | grumblor the Vine Stalker Fighter began the quest for the
                  | Orb.
     0 | D:1      | Reached XP level 1. HP: 11/11 MP: 2/2
   179 | D:1      | Reached XP level 2. HP: 15/16 MP: 3/3
   405 | D:1      | Found a faded altar of an unknown god.
   418 | D:1      | Reached XP level 3. HP: 20/20 MP: 4/4
   438 | D:1      | Reached skill level 2 in Axes
  1363 | D:2      | Gained mutation: Your natural rate of healing is unusually
                  | fast. [Vine Stalker growth]
  1363 | D:2      | Reached XP level 4. HP: 24/24 MP: 5/5
  1831 | D:3      | Found a radiant altar of Vehumet.
  1844 | D:3      | Reached skill level 1 in Dodging
  1978 | D:3      | Reached XP level 5. HP: 29/29 MP: 6/6
  2058 | D:3      | Found a glowing golden altar of the Shining One.
  2472 | D:4      | Noticed a black bear
  2472 | D:4      | Noticed a black bear
  2474 | D:4      | Noticed an ogre
  2517 | D:4      | Killed a black bear
  2518 | D:4      | Reached skill level 3 in Axes
  2518 | D:4      | Reached skill level 1 in Evocations
  2518 | D:4      | Reached XP level 6. HP: 17/33 MP: 3/7
  2556 | D:4      | Killed a black bear
  2562 | D:4      | Reached XP level 7. HP: 37/37 MP: 8/8
  2876 | D:4      | You fall into a shaft and drop 2 floors!
  2936 | D:5      | Entered Level 5 of the Dungeon
  2945 | D:5      | Reached skill level 4 in Axes
  3039 | D:5      | Found a staircase to the Ecumenical Temple.
  3054 | Temple   | Entered the Ecumenical Temple
  3078 | Temple   | Became a worshipper of Ru the Awakened
  3128 | D:5      | Noticed Duvessa
  3133 | D:5      | Noticed Dowan
  3134 | D:5      | Killed Duvessa
  3135 | D:5      | Gained mutation: You have razor-sharp teeth. [Vine Stalker
                  | growth]
  3135 | D:5      | Reached XP level 8. HP: 39/42 MP: 7/9
  3145 | D:5      | Killed Dowan
  3237 | D:5      | Noticed a two-headed ogre
  3249 | D:5      | Killed a two-headed ogre
  3250 | D:5      | Reached skill level 5 in Fighting
  3250 | D:5      | Reached skill level 5 in Axes
  3882 | D:5      | Found a shadowy altar of Dithmenos.
  3948 | D:5      | Reached XP level 9. HP: 14/47 MP: 4/10
  4471 | D:6      | Gained mutation: Your casting is slightly disrupted. [Ru
                  | sacrifice]
  4772 | D:7      | Reached skill level 1 in Throwing
  4779 | D:7      | Reached skill level 6 in Axes
  5236 | D:8      | Noticed a troll
  5244 | D:8      | Killed a troll
  5250 | D:8      | Reached XP level 10. HP: 18/53 MP: 5/11
  5325 | D:8      | Noticed a two-headed ogre
  5330 | D:8      | Killed a two-headed ogre
  5331 | D:8      | Reached skill level 7 in Axes
  5451 | D:8      | Reached skill level 5 in Armour
  5480 | D:8      | Noticed Erica
  5488 | D:8      | Killed Erica
  5489 | D:8      | Reached skill level 5 in Shields
  5491 | D:8      | Reached skill level 5 in Evocations
  5493 | D:8      | HP: 1/53 [hornet (7)]
  5494 | D:8      | Engulfed by a steam dragon's steam

Illustrated notes

Levels and vault maps discovered:
D:1:      moated_graveyard_arrival, layout_basic,
          ebering_ecumenical_altar_abandoned
D:2:      layout_loops_ring
D:3:      layout_basic, vehumet_altar_wand_db, tso_oasis_becter
D:4:      layout_basic, palyth_stone_intersect
D:5:      layout_basic, mainiacjoe_overflow_paths, minmay_temple_entry_slanted,
          minmay_misc_feat_ornament, uniq_duvessa
D:6:      layout_cave_pools, minmay_fire_ice_demons
D:7:      layout_rooms
D:8:      layout_cave_pools, serial_glass, glass_columns_c, glass_columns_b,
          uniq_erica
Temple:   regret_index_temple_mists

Skill      XL: |  1  2  3  4  5  6  7  8  9 10 |
---------------+-------------------------------+-----
Fighting       | 3 4 5 6 |  6.9
Axes           | 2 3 4 5 6 7 |  7.5
Shields        | 3 4 5 |  5.1
Dodging        | 1 2 3 4 |  4.0
Armour         | 3 4 5 |  5.1
Evocations     | 1 2 3 4 5 |  5.0
Throwing       | 2 |  2.0

Action                   |  1- 3 |  4- 6 |  7- 9 | 10-12 || total
-------------------------+-------+-------+-------+-------++-------
Melee: War axe           |    91 |    74 |   165 |    16 ||   346
       Bite              |    24 |    19 |    44 |     3 ||    90
Throw: Throwing net      |       |       |     1 |       ||     1
       Dart              |       |       |     2 |     3 ||     5
Invok: Sacrifice Essence |       |       |     1 |       ||     1
Evoke: Wand              |       |       |     6 |     3 ||     9
  Use: Scroll            |     3 |     4 |     8 |     1 ||    16
Armor: Scale mail        |    35 |    33 |       |       ||    68
       Plate armour      |       |    34 |    64 |     2 ||   100
Dodge: Dodged            |    37 |    39 |    44 |     4 ||   124
Block: Buckler           |    27 |    49 |    90 |    12 ||   178
       Reflection        |       |       |     4 |       ||     4

Table legend: (Time is in decaauts)
 A = Elapsed time spent in this place.
 B = Non-inter-level travel time spent in this place.
 C = Inter-level travel time spent in this place.
 D = Time resting spent in this place.
 E = Time spent auto-exploring this place.
 F = Levels seen in this place.
 G = Mean time per level.
                   A        B        C        D        E       F      G
               +--------+--------+--------+--------+--------+-----+--------+
         Total |   5622 |   5373 |    249 |     56 |   4183 |   9 |  624.7 |
       Dungeon |   5571 |   5342 |    229 |     56 |   4164 |   8 |  696.4 |
        Temple |     51 |     31 |     20 |      0 |     19 |   1 |   51.0 |
               +--------+--------+--------+--------+--------+-----+--------+

Top non-repeatable levels by time:
     D:1: 914 daAuts
     D:4: 899 daAuts
     D:5: 864 daAuts
     D:3: 795 daAuts
     D:2: 751 daAuts
     D:6: 553 daAuts
     D:8: 402 daAuts
     D:7: 389 daAuts
  Temple: 51 daAuts
